Map: Cosmic Sapphire

Players

Dolan - Winner!

  • Race: Terran Terran
  • Spawn Location: 5:00

Zain

  • Race: Protoss Protoss
  • Spawn Location: 11:00

Event: DreamHack SC2 Masters 2022 Atlanta (Offline)

VOD

Have the link to the VOD?

Description

Time

  • Played on: Nov. 18, 2022, 11:44 a.m.
  • Length: 11:19

All games in this series

Show
View Real Time Build Order
Export as new Build Order

Dolan Terran - Winner!

Build Orders:  

Get SALT Encoding   

  12  0:00  SCV  
  13  0:12  SCV  
  14  0:16  Supply Depot  
  14  0:24  SCV  
  15  0:38  SCV  
  15  0:40  Barracks  
  15  0:42  Refinery  
  16  0:50  SCV  
  16  0:51  Refinery  
  17  1:02  SCV  
  17  1:03  Supply Depot  
  18  1:14  SCV  
  19  1:27  Reaper, Orbital Command  
  20  1:39  Factory  
  20  1:53  SCV  
  21  1:59  Reaper  
  22  2:05  SCV  
  23  2:15  Command Center  
  23  2:19  SCV  
  24  2:23  Hellion  
  26  2:31  Supply Depot, SCV  
  26  2:35  Barracks Reactor  
  27  2:42  Starport  
  27  2:47  SCV  
  28  2:52  Factory Tech Lab  
  28  2:59  SCV  
  29  3:11  SCV  
  30  3:22  Cyclone, Marine x2  
  30  3:23  Medivac  
  37  3:30  SCV, Orbital Command  
  38  3:39  Marine x2  
  40  3:42  SCV  
  41  3:55  SCV  
  42  3:58  Orbital Command  
  42  4:09  Marine x2  
  44  4:10  SCV  
  45  4:21  Supply Depot, Factory Tech Lab  
  45  4:22  SCV, Banshee, Cloaking Field  
  49  4:25  SCV  
  50  4:34  SCV  
  51  4:45  Marine  
  51  4:46  Marine  
  47  4:55  Engineering Bay  
  47  4:57  Bunker  
  43  5:00  SCV x2  
  43  5:03  Marine x2  
  43  5:07  Raven  
  43  5:16  SCV x2  
  41  5:26  Marine x2  
  41  5:28  SCV x2  
  45  5:43  SCV x2, Siege Tank  
  45  5:47  Marine x2  
  52  6:04  Banshee  
  52  6:07  SCV x2  
  57  6:14  Marine  
  57  6:15  Marine  
  59  6:20  SCV x2  
  61  6:32  SCV  
  62  6:43  Supply Depot, Barracks x2  
  62  7:05  SCV x2, Siege Tank, Marine x2  
  69  7:09  Supply Depot  
  69  7:10  Supply Depot, Refinery  
  69  7:12  Missile Turret  
  69  7:15  Starport Reactor  
  69  7:17  SCV x2  
  71  7:29  SCV x2, Marine x2  
  75  7:30  Command Center  
  75  7:41  SCV x2  
  77  7:46  Factory Reactor  
  77  7:50  Marauder x2, Marine x2  
  83  7:51  Stimpack  
  83  7:52  Medivac  
  83  7:53  SCV, Medivac  
  83  7:55  SCV  
  89  7:59  Combat Shield  
  89  8:05  SCV  
  89  8:08  SCV  
  89  8:11  Supply Depot  
  91  8:14  Refinery  
  91  8:17  SCV  
  94  8:20  Marauder  
  94  8:32  Marine x2  
  94  8:33  SCV x2, Marauder  
  100  8:40  Terran Infantry Weapons Level 1  
  100  8:44  Widow Mine x2  
  100  8:45  SCV  
  106  8:48  SCV  
  106  8:52  Orbital Command  
  106  8:57  SCV  
  107  9:03  Marauder x2, Marine x2  
  107  9:07  Widow Mine x2  
  117  9:10  Supply Depot  
  117  9:12  Orbital Command  
  117  9:22  Barracks  
  117  9:24  Barracks  
  117  9:32  Medivac x2, Widow Mine x2  
  117  9:36  Supply Depot  
  125  9:58  SCV x2, Marauder x2, Marine x2  
  133  10:05  Widow Mine  
  133  10:06  SCV  
  133  10:09  Widow Mine  
  133  10:10  SCV  
  112  10:16  Marine x2  
  112  10:18  SCV  
  112  10:20  Marauder x2  
  109  10:23  SCV x2  
  102  10:30  Medivac x2, Widow Mine x2  
  102  10:31  Barracks Reactor, Barracks Tech Lab  
  102  10:33  Marine x2  
  109  10:39  SCV x3  
  109  10:41  Marauder x2  
  116  10:49  Marine  
  117  10:51  SCV x3, Marine  
Show
View Real Time Build Order
Export as new Build Order

Zain Protoss 

Build Orders: 1 Gate Expand, Blink Stalkers, Dark Templar Rush 

Get SALT Encoding   

  12  0:00  Probe  
  13  0:12  Probe  
  14  0:17  Pylon  
  14  0:24  Probe (Chrono Boost)  
  15  0:36  Gateway, Probe (Chrono Boost)  
  16  0:44  Probe (Chrono Boost)  
  16  0:45  Assimilator  
  17  0:50  Probe  
  18  1:03  Probe  
  19  1:15  Probe  
  20  1:23  Cybernetics Core  
  20  1:33  Nexus  
  20  1:39  Pylon  
  20  1:42  Probe  
  21  1:50  Assimilator  
  21  1:54  Probe  
  21  1:56  Adept (Chrono Boost)  
  24  2:09  Twilight Council  
  24  2:11  Probe  
  25  2:18  Pylon  
  25  2:23  Stalker (Chrono Boost)  
  27  2:30  Probe  
  28  2:40  Warp Gate (Chrono Boost)  
  28  2:42  Shield Battery, Probe  
  29  2:46  Probe  
  30  2:56  Dark Shrine  
  30  3:03  Shield Battery  
  28  3:19  Blink (Chrono Boost)  
  27  3:24  Probe  
  28  3:36  Probe  
  28  3:38  Gateway  
  28  3:41  Gateway  
  28  3:43  Probe  
  29  3:49  Probe  
  29  3:55  Probe  
  31  4:01  Probe  
  32  4:07  Probe  
  33  4:13  Probe  
  34  4:19  Probe  
  34  4:21  Dark Templar  
  37  4:25  Probe  
  37  4:29  Robotics Facility  
  38  4:31  Probe  
  37  4:44  Dark Templar  
  34  4:49  Probe  
  34  4:52  Probe  
  36  5:02  Probe  
  36  5:04  Probe  
  33  5:14  Probe  
  33  5:16  Probe  
  34  5:26  Observer (Chrono Boost), Probe  
  34  5:28  Probe  
  35  5:33  Zealot, Stalker  
  38  5:38  Probe  
  38  5:40  Probe  
  40  5:50  Probe  
  40  5:52  Probe  
  40  5:53  Stalker  
  43  6:02  Probe  
  43  6:05  Dark Templar  
  43  6:06  Probe  
  45  6:14  Probe  
  46  6:18  Probe  
  46  6:21  Charge (Chrono Boost)  
  46  6:24  Nexus  
  45  6:27  Pylon  
  45  6:34  Probe  
  45  6:36  Pylon  
  45  6:38  Immortal  
  45  6:39  Zealot x2  
  54  6:42  Pylon  
  54  6:43  Assimilator  
  54  6:53  Probe  
  55  6:54  Probe  
  55  7:01  Dark Templar  
  55  7:06  Gateway x2  
  55  7:08  Gateway  
  57  7:15  Gateway x2  
  57  7:28  Pylon  
  57  7:35  Zealot  
  57  7:38  Probe x2, Pylon  
  59  7:51  Pylon  
  59  7:52  Probe  
  59  7:54  Nexus  
  60  7:58  Forge  
  60  8:00  Stalker  
  60  8:09  Probe  
  60  8:10  Probe  
  61  8:13  Shield Battery  
  60  8:23  Probe  
  60  8:25  Zealot x4, Sentry  
  71  8:28  Observer (Chrono Boost), Protoss Ground Armor Level 1 (Chrono Boost)  
  71  8:30  Probe  
  73  8:39  Probe  
  74  8:42  Zealot  
  74  8:47  Gateway  
  76  8:49  Gateway  
  76  8:52  Probe  
  77  8:56  Probe  
  77  9:01  Sentry x2  
  77  9:02  Zealot  
  84  9:05  Probe  
  84  9:06  Probe  
  84  9:09  Zealot  
  88  9:11  Probe  
  89  9:20  Zealot x2  
  93  9:24  Probe  
  93  9:26  Probe  
  93  9:28  Robotics Bay, Assimilator  
  93  9:29  Probe  
  96  9:41  Shield Battery  
  96  9:43  Photon Cannon  
  96  9:51  Zealot x2  
  96  10:02  Zealot x3  
  93  10:07  Pylon  
  62  10:18  Zealot x3  
  60  10:25  Zealot x3  
  57  10:32  Probe x2  
  57  10:35  Probe  
  58  10:38  Stalker x3  
  63  10:44  Probe  
  63  10:47  Stalker  
  63  10:48  Stalker  
  68  10:52  Zealot  
  64  11:01  Zealot x3  
  38  11:12  Zealot x3  
Tags
 
Add a new tag
Caveats
  • Supply blocks, unpowered buildings, or Contaminate may cause inaccurate times.
  • Supply counts are checked every 10 seconds.